 Dungeon Crawl Stone Soup version 0.21.1-1-g345015f (webtiles) character file.

422 inc the Conjurer (level 6, -8/42 HPs)
             Began as an Octopode Wizard on Apr 29, 2018.
             Mangled by an ogre
             ... wielding a +0 giant club
              (27 damage)
             ... on level 5 of the Dungeon.
             The game lasted 00:08:24 (4240 turns).

inc the Conjurer (Octopode Wizard)                  Turns: 4240, Time: 00:08:25

Health: -8/42      AC:  2    Str:  7    XL:     6   Next: 95%
Magic:  1/10       EV: 13    Int: 22    God:
Gold:   230        SH:  0    Dex: 10    Spells: 8/11 levels left

rFire    . . .     SeeInvis .   q - +2 short sword (drain)
rCold    . . .     Gourm    .   (no shield)
rNeg     . . .     Faith    .   a - +1 hat
rPois    .         Spirit   .   (no amulet)
rElec    .         Reflect  .   n - ring of resist corrosion
rCorr    +         Harm     .   (no ring)
MR       .....                  (no ring)
Stlth    +++.......             (no ring)
HPRegen  0.14/turn              (no ring)
MPRegen  0.12/turn              (no ring)
                                (no ring)
                                (no ring)

@: no status effects
A: almost no armour, stealthy swim, amphibious, 8 rings, constrict 8, camouflage
1, gelatinous body 1
a: no special abilities


You were on level 5 of the Dungeon.
You were very hungry.

You visited 1 branch of the dungeon, and saw 5 of its levels.

You collected 230 gold pieces.

Inventory:

Hand Weapons
 e - a +0 dagger
 q - a +2 short sword of draining (weapon)
Armour
 a - a +1 hat (worn)
Jewellery
 n - a ring of resist corrosion (left tentacle)
 r - an uncursed amulet of faith
Wands
 m - a wand of polymorph (10)
Scrolls
 j - a scroll of teleportation
Potions
 d - a potion of curing
 f - a potion of ambrosia
 k - a potion of agility
 o - a potion of brilliance
Books
 b - a book of Minor Magic

   Spells                             Type                      Level
   a - Magic Dart                     Conjuration                  1
   b - Blink                          Translocation                2
   c - Call Imp                       Summoning                    2
   d - Slow                           Hexes                        2
   e - Conjure Flame                  Conjuration/Fire             3
   f - Mephitic Cloud                 Conjuration/Poison/Air       3
Comestibles
 c - 5 rations


   Skills:
 + Level 3.2 Fighting
 - Level 2.0 Dodging
 - Level 2.6 Stealth
 - Level 3.0 Spellcasting
 - Level 6.0 Conjurations
   Level 1.0 Summonings
 - Level 1.0 Translocations


You had 8 spell levels left.
You knew the following spells:

 Your Spells              Type           Power        Failure   Level  Hunger
a - Magic Dart            Conj           ####         1%          1    None
b - Blink                 Tloc           N/A          12%         2    ##.....


Dungeon Overview and Level Annotations

Branches:
Dungeon (5/15)
 Temple: D:4-7

Altars:
Yredelemnul

Annotations:
D:3 1 runed door, Monsterracer's ghost, amateur OpFE


Innate Abilities, Weirdness & Mutations

You cannot wear most types of armour.
You are very stealthy in the water. (Stealth+)
You are amphibious.
You can wear up to eight rings at the same time.
You can use your tentacles to constrict eight enemies at once.
Your skin changes colour to match your surroundings (Stealth+).
Your rubbery body absorbs attacks. (AC +1, EV +1)


Message History

The magic dart hits the ogre.
The ogre is moderately wounded.
The ogre closely misses you.
Casting: Magic Dart
Confirm with . or Enter, or press ? or * to list all spells.
You don't have enough magic to cast that spell.
Unknown command.
You hit the ogre.
The ogre is moderately wounded.
The ogre misses you.
You hit the ogre but do no damage.
The ogre is moderately wounded.
You hit the ogre.
The ogre is heavily wounded.
The ogre closely misses you.
You hit the ogre.
The ogre is severely wounded.
The ogre hits you with a giant club!!
Ouch! That really hurt!
You die...

..##.#.#
......#
#.....#
#.....#
#.....#
#.....#
#.....#
#O# #@#
#.# ###


You could see an ogre.

Vanquished Creatures
  A bullfrog zombie (D:5)
  A bullfrog skeleton (D:3)
  2 hounds
  A centaur skeleton (D:4)
  2 orc wizards (D:3)
  Natasha (D:4)
  A worker ant (D:3)
  A hound skeleton (D:4)
  5 adders
  4 worms
  3 dart slugs (D:1)
  2 leopard geckos (D:2)
  12 orcs
  3 ball pythons
  2 giant cockroaches (D:1)
  7 goblins
  5 hobgoblins
  7 jackals
  A quokka (D:2)
  8 bats
  8 frilled lizards
  2 jackal zombies (D:3)
  7 kobolds
  9 rats
95 creatures vanquished.

Vanquished Creatures (others)
  An adder skeleton (D:5)
1 creature vanquished.

Grand Total: 96 creatures vanquished

Notes
Turn   | Place    | Note
-------+----------+-------------------------------------------
     0 | D:1      | inc the Octopode Wizard began the quest for the Orb.
     0 | D:1      | Reached XP level 1. HP: 11/11 MP: 4/4
   179 | D:1      | Reached skill level 2 in Conjurations
   179 | D:1      | Reached XP level 2. HP: 12/17 MP: 4/6
   565 | D:1      | Reached XP level 3. HP: 21/21 MP: 3/7
   583 | D:1      | Reached skill level 3 in Conjurations
   895 | D:1      | Learned a level 2 spell: Blink
  1414 | D:2      | Reached XP level 4. HP: 27/27 MP: 2/8
  1793 | D:2      | Reached skill level 4 in Conjurations
  2284 | D:3      | Found a runed door.
  2284 | D:3      | Noticed a human
  2305 | D:3      | Noticed Monsterracer's ghost (amateur OpFE)
  2786 | D:3      | Reached XP level 5. HP: 8/31 MP: 4/9
  3080 | D:3      | Reached skill level 5 in Conjurations
  3424 | D:4      | Noticed Natasha
  3433 | D:4      | Killed Natasha
  3534 | D:4      | Reached skill level 6 in Conjurations
  3534 | D:4      | Reached XP level 6. HP: 33/36 MP: 4/10
  3608 | D:3      | Reached skill level 1 in Fighting
  4046 | D:3      | Found a basalt altar of Yredelemnul.
  4146 | D:5      | Entered Level 5 of the Dungeon
  4240 | D:5      | Mangled by an ogre

Skill      XL: |  1  2  3  4  5  6 |
---------------+-------------------+-----
Conjurations   | 2 3 4 6 |  6.0
Fighting       | 3 |  3.2
Dodging        | |  2.0
Stealth        | |  2.6
Spellcasting   | |  3.0
Summonings     | |  1.0
Translocations | |  1.0

Action                   |  1- 3 |  4- 6 || total
-------------------------+-------+-------++-------
Melee: Unarmed           |    13 |       ||    13
       Constrict         |     9 |    14 ||    23
       Tentacles         |     1 |     5 ||     6
       Dagger            |    23 |     5 ||    28
       Short sword       |       |    86 ||    86
 Cast: Magic Dart        |    73 |   109 ||   182
       Blink             |       |     8 ||     8
  Use: Potion            |       |     6 ||     6
       Scroll            |       |     6 ||     6
 Stab: Sleeping          |     2 |     8 ||    10
  Eat: Chunk             |     1 |     5 ||     6
       Ration            |       |     1 ||     1
Armor: Skin              |     7 |    19 ||    26
Dodge: Dodged            |    35 |    96 ||   131
